AoeStats
← gawkydesigns

Lombardia

507706017Analyzed
3v3 RM · 12d ago on Sep 19, 2026· 58m 14s· 6 players
Game mode
Random Map
Map size
Normal (6 player)
Population
200
Speed
Normal
Resources
Standard
Victory
Conquest
Starting age
Dark Age
Ending age
Imperial Age
RankedLock teamsTeams togetherTeam positionsShared explorationLock speedFull tech treeHidden civsTurbo modeCheats
Victory
Defeat
🇨🇳 Persians · China
1108
+13
🇿🇦 Huns · South Africa
1080
+14
🇬🇧 Saracens · United Kingdom
1074
+14
🇦🇺 Burgundians · Australia
1073
-15
🇦🇺 Ethiopians · Australia
1072
-16
🇦🇺 Tatars · Australia
954
-10
gawkydesigns
9:16 Feudal Age
7:34 Loom
15:33 Castle Age
15:20 Double-Bit Axe
22:14 Bow Saw
22:09 Scale Mail Armor
22:01 Fletching
25:32 Gold Mining
27:08 Chain Mail Armor
27:06 Forging
29:49 Squires
35:27 Wheelbarrow
34:59 Arson
42:09 Imperial Age
41:38 Ballistics
43:18 Conscription
44:00 Hand Cart
46:43 Chemistry
45:39 Murder Holes
47:43 Masonry
56:27 Heavy Scorpion
keeperoftheden
8:19 Double-Bit Axe
9:18 Wheelbarrow
8:33 Loom
11:16 Feudal Age
14:05 Horse Collar
16:24 Heavy Plow
18:21 Bow Saw
21:39 Castle Age
22:08 Gold Mining
22:09 Stone Mining
24:02 Crop Rotation
24:10 Gold Shaft Mining
24:11 Stone Shaft Mining
24:34 Hand Cart
24:04 Town Watch
24:27 Husbandry
23:48 Cavalier
25:38 Ballistics
27:25 Scale Barding Armor
27:56 Fletching
28:28 Forging
31:12 Chain Barding Armor
32:01 Iron Casting
35:03 Two-Man Saw
36:38 Town Patrol
37:25 Burgundian Vineyards
43:14 Imperial Age
40:59 Bodkin Arrow
41:53 Light Cavalry
44:20 Conscription
44:03 Hussar
47:22 Bracer
49:53 Chemistry
49:59 Masonry
51:04 Elite Coustillier
51:59 Caravan
53:15 Plate Barding Armor
58:26 Blast Furnace
e_robbo
0:42 Loom
13:12 Feudal Age
14:35 Wheelbarrow
18:30 Forging
20:36 Fletching
20:51 Padded Archer Armor
27:29 Castle Age
26:02 Gold Mining
26:13 Double-Bit Axe
27:42 Scale Mail Armor
27:41 Pikeman
33:16 Bow Saw
34:26 Leather Archer Armor
35:11 Ballistics
35:23 Bodkin Arrow
36:30 Horse Collar
37:59 Gold Shaft Mining
38:36 Hand Cart
39:12 Silk Armor
40:14 Fortified Wall
40:56 Heavy Plow
46:10 Imperial Age
43:30 Town Watch
44:46 Scale Barding Armor
45:39 Iron Casting
45:44 Caravan
46:46 Heavy Cavalry Archer
47:52 Bracer
48:52 Ring Archer Armor
50:07 Conscription
别开枪自己人
11:03 Feudal Age
9:19 Loom
14:32 Castle Age
13:10 Double-Bit Axe
13:13 Horse Collar
24:04 Wheelbarrow
23:17 Town Watch
24:32 Stone Mining
30:11 Imperial Age
27:59 Gold Mining
28:42 Hand Cart
29:07 Scale Barding Armor
29:19 Bloodlines
29:13 Husbandry
30:17 Heavy Plow
30:41 Chain Barding Armor
30:58 Elite War Elephant
Pigger
2:43 Loom
9:59 Feudal Age
11:55 Bloodlines
11:51 Double-Bit Axe
14:26 Forging
15:35 Wheelbarrow
15:38 Scale Barding Armor
22:03 Castle Age
22:23 Gold Mining
23:01 Husbandry
22:51 Horse Collar
23:22 Bow Saw
25:47 Iron Casting
28:11 Stone Mining
29:53 Pikeman
30:44 Squires
33:16 Gold Shaft Mining
36:04 Heavy Plow
36:24 Man-at-Arms
37:35 Murder Holes
38:07 Ballistics
41:02 Imperial Age
38:43 Scale Mail Armor
38:36 Fletching
40:19 Chain Mail Armor
40:00 Bodkin Arrow
40:06 Padded Archer Armor
39:50 Long Swordsman
41:39 Caravan
42:07 Conscription
41:22 Capped Ram
44:02 Blast Furnace
43:19 Leather Archer Armor
43:13 Bracer
43:10 Town Watch
44:51 Leather Archer Armor
44:07 Two-Handed Swordsman
44:08 Halberdier
49:30 Arson
54:01 Atheism
54:09 Elite Skirmisher
57:06 Thumb Ring
SnappingNecksAndCashingCheques
9:07 Loom
11:18 Feudal Age
15:30 Castle Age
13:23 Horse Collar
13:59 Double-Bit Axe
24:28 Bloodlines
25:53 Wheelbarrow
25:39 Bow Saw
25:54 Scale Barding Armor
27:13 Forging
29:08 Iron Casting
33:00 Imperial Age
31:35 Gold Mining
31:52 Heavy Plow
34:05 Hand Cart
34:56 Blast Furnace
33:48 Fletching
34:49 Bimaristan
33:59 Elite Mameluke
34:42 Elite Mameluke
35:54 Conscription
35:44 Town Watch
36:55 Parthian Tactics
36:55 Chain Barding Armor
36:31 Bodkin Arrow
36:37 Bodkin Arrow
36:46 Padded Archer Armor
40:13 Bracer
40:52 Plate Barding Armor
40:18 Bracer
43:42 Leather Archer Armor
47:07 Counterweights
47:13 Bimaristan
49:35 Ring Archer Armor
49:08 Squires
49:10 Husbandry
50:18 Gold Shaft Mining
52:32 Heavy Camel Rider
52:35 Light Cavalry
54:54 Hussar
Connection lost

Rejoining the realm…

Still unreachable

The connection could not be restored.

Session expired

The server has moved on; the page needs a fresh start.